 Dungeon Crawl Stone Soup version 0.28-a0-1395-g4f6bc678fa (webtiles) character file.

Game seed: 6247584096348791310

5 Deminshera the Grave Robber (level 1, 10/13 HPs)
             Began as a Demonspawn Necromancer on Jan 4, 2022.
             Quit the game on level 1 of the Dungeon.
             The game lasted 00:00:53 (331 turns).

Deminshera the Grave Robber (Demonspawn Necromancer) Turns: 331, Time: 00:00:54

Health: 10/13      AC:  2    Str:  8    XL:     1   Next: 66%
Magic:  0/3        EV: 12    Int: 16    God:
Gold:   22         SH:  0    Dex: 13    Spells: 2/4 levels left

rFire   . . .      SeeInvis .   (no weapon)
rCold   . . .      Faith    .   (no shield)
rNeg    + . .      Spirit   .   a - +0 robe
rPois   .          Reflect  .   (no helmet)
rElec   .          Harm     .   (no cloak)
rCorr   .          Rampage  .   (no gloves)
Will    .....                   (no boots)
Stlth   ++........              (no amulet)
HPRegen 0.04/turn               f - ring of positive energy
MPRegen 0.08/turn               (no ring)

@: no status effects
A: no striking features
a: no special abilities


You were on level 1 of the Dungeon.
You visited 1 branch of the dungeon, and saw 1 of its levels.

You collected 22 gold pieces.

Inventory:

Armour
 a - a +0 robe (worn)
Jewellery
 f - a ring of positive energy (left hand)
Scrolls
 b - a scroll of noise {unknown}
 c - a scroll of fear {unknown}
 d - a scroll of magic mapping {unknown}
 e - a scroll of holy word {unknown}


   Skills:
 - Level 1.7 Dodging
 - Level 2.0 Stealth
 + Level 2.1 Spellcasting
 + Level 4.5 Necromancy


You had 2 spell levels left.
You knew the following spells:

 Your Spells              Type           Power      Damage    Failure   Level
a - Pain                  Necr           64%        1d7       3%          1
b - Animate Skeleton      Necr           32%        N/A       3%          1

Your spell library contained the following spells:

 Spells                   Type           Power      Damage    Failure   Level
 Magic Dart               Conj           4%         1d3       21%         1
 Call Imp                 Summ           1%         N/A       30%         2
 Vampiric Draining        Necr           16%        2d7       10%         3
 Animate Dead             Necr           8%         N/A       32%         4
 Mephitic Cloud           Conj/Pois/Air  1%         N/A       52%         3
 Agony                    Necr           16%        N/A       65%         5


Dungeon Overview and Level Annotations

Branches:
Dungeon (1/15)

Altars:


Message History

Found an escape hatch in the floor.
There is an open door here.
You pick up a book of Minor Magic and begin reading...
You add the spells Magic Dart, Call Imp and Mephitic Cloud to your library.
There is an escape hatch in the floor here.
As you open the door, it creaks loudly!
There is an open door here.
You open the door.
There is an open door here.
You now have 22 gold pieces (gained 12).
A rat comes into view.
Found a stone staircase leading down.
Okay, then.
The rat writhes in agony.
You kill the rat!
You can't see any susceptible monsters within range! (Use Z to cast anyway.)
A rat comes into view.
A rat is nearby!
You can't see any susceptible monsters within range! (Use Z to cast anyway.)
You can't see any susceptible monsters within range! (Use Z to cast anyway.)
A rat is nearby!
Found a robe.
The rat writhes in agony.
You kill the rat!
Training target 2.0 for Stealth reached!
Your Stealth skill increases to level 2!
A ball python comes into view.
A ball python is nearby!
A giant cockroach comes into view.
You see here a fizzy blue potion.
The giant cockroach waves its antennae.
The ball python hisses angrily.
The ball python barely resists.
The ball python writhes in agony.
You kill the ball python!
The giant cockroach writhes in agony.
The giant cockroach waves its antennae.
You are too depleted to draw on your mana recklessly!
You are too depleted to draw on your mana recklessly!
Are you sure you want to abandon this character and quit the game? (Confirm with "yes".)

#.####..#####.#
#......##.....#
...#.......###
#.#.......# #.........#
#........#######
..#######...##..........
.......?!...############
.......@...>#
..........#.!..#
.....B....#+##.#
...†........ #
.............
...............
...............
...............


You could see a giant cockroach.

Vanquished Creatures
  A bat (D:1)
  A giant cockroach (D:1)
  A ball python (D:1)
  A frilled lizard (D:1)
  2 rats (D:1)
6 creatures vanquished.

Notes
Turn   | Place    | Note
-------+----------+-------------------------------------------
     0 | D:1      | Deminshera the Demonspawn Necromancer began the quest for
                  | the Orb.
     0 | D:1      | Reached XP level 1. HP: 13/13 MP: 3/3
     2 | D:1      | Learned a level 1 spell: Animate Skeleton
   331 | D:1      | Quit the game

Illustrated notes

Levels and vault maps discovered:
D:1:      dpeg_arrival_more_subterranean_lakeside_camping, layout_basic,
          minmay_tetromino_i4

Skill      XL: |  1 |
---------------+----+-----
Stealth        | 2 |  2.0
Dodging        | |  1.7
Spellcasting   | |  2.1
Necromancy     | |  4.5

Action                   || total
-------------------------++-------
Melee: Unarmed           ||     1
 Cast: Pain              ||    11
       Animate Skeleton  ||     1
Armor: Robe              ||     1
Dodge: Dodged            ||     2

Table legend: (Time is in decaauts)
 A = Elapsed time spent in this place.
 B = Non-inter-level travel time spent in this place.
 C = Inter-level travel time spent in this place.
 D = Time resting spent in this place.
 E = Time spent auto-exploring this place.
 F = Levels seen in this place.
 G = Mean time per level.
                   A        B        C        D        E       F      G
               +--------+--------+--------+--------+--------+-----+--------+
         Total |    331 |    331 |      0 |     33 |    259 |   1 |  331.0 |
       Dungeon |    331 |    331 |      0 |     33 |    259 |   1 |  331.0 |
               +--------+--------+--------+--------+--------+-----+--------+

Top non-repeatable levels by time:
     D:1: 331 daAuts
